 Dungeon Crawl Stone Soup version 0.31-a0-1447-g87ca8d402b (webtiles) character file.

Game seed: 15423844885635329658

569552 jestert79 the Slayer (level 26, -6/442 (445) HPs)
             Began as an Oni Alchemist on Dec 26, 2023.
             Was an Initiate of Gozag.
             Mangled by a golden dragon (7 damage)
             ... on level 3 of the Realm of Zot on Dec 27, 2023.
             The game lasted 10:07:27 (112806 turns).

jestert79 the Slayer (Oni Alchemist)              Turns: 112806, Time: 10:07:28

HP:   -6/442 (445)  AC: 21    Str: 19    XL:     26   Next: 92%
MP:   36/41         EV: 17    Int: 27    God:    Gozag
Gold: 20257         SH:  0    Dex: 17    Spells: 0/53 levels left

rFire   + . .        a - +9 lajatang (vamp)
rCold   . . .        (shield currently unavailable)
rNeg    + + .        P - quicksilver dragon scales
rPois   +            H - +2 hat {Int+3}
rElec   +            j - +2 cloak {rCorr}
rCorr   +            (gloves unavailable)
SInv    .            (boots unavailable)
Will    +++..        f - amulet of the acrobat Stlth
                     S - ring "Celeixy" {^Drain rElec rF+ rN++ Dex+6}
HPRegen 0.93/turn    F - ring "Gonygem" {rPois Dex+2}
MPRegen 0.27/turn

%: acrobat
@: berserking, gold aura, doom-hounded, lightly drained, very quick
A: large, unfitting armour, horns 1, tough skin 1, double potion healing,
drunken brawling
}: 3/15 runes: decaying, serpentine, silver
a: Renounce Religion, Potion Petition, Call Merchant, Bribe Branch


You were on level 3 of the Realm of Zot.
You worshipped Gozag.
Gozag was extremely pleased with you.
You visited 12 branches of the dungeon, and saw 53 of its levels.
You visited 1 bazaar.
You also visited: Sewer, Ossuary, Bailey, Gauntlet and Wizlab.

You collected 28807 gold pieces.
You spent 5478 gold pieces at shops.
You paid 3072 gold pieces to Gozag.

Inventory:

Hand Weapons
 a - a +9 vampiric lajatang (weapon)
Missiles
 i - 6 curare-tipped darts
 B - 4 throwing nets
Armour
 j - a +2 cloak of preservation (worn)
 H - a +2 hat of intelligence (worn)
 P - quicksilver dragon scales (worn)
Jewellery
 b - the amulet of Ezaonit {^Fragile rN++ Regen+ Dex+8 Stlth-}
   (You found it on level 3 of the Elven Halls)

   [amulet of regeneration]

   Dex+8:     It affects your dexterity (+8).
   rN++:      It greatly protects you from negative energy.
   Regen+:    It increases your rate of health regeneration.
   ^Fragile:  It will be destroyed if unequipped.
   Stlth-:    It makes you less stealthy.
 e - a ring of willpower
 f - an amulet of the acrobat (around neck)
 m - a ring of protection from cold
 r - the ring "Caxtaxof" {Wiz rF+ Stlth+}
   (You found it on level 5 of the Vaults)

   [ring of wizardry]

   Wiz:       It improves your spell success rate.
   rF+:       It protects you from fire.
   Stlth+:    It makes you more stealthy.
 w - the ring "Xoets" {rC+ Int+6}
   (You found it in a Gauntlet)

   [ring of intelligence]

   Int+6:     It affects your intelligence (+6).
   rC+:       It protects you from cold.
 z - the ring "Zoficujo" {rC+ rN+ EV+5 Dex+2 Stlth+}
   (You took it off an orc on level 5 of the Dungeon)

   [ring of evasion]

   EV+5:      It affects your evasion (+5).
   Dex+2:     It affects your dexterity (+2).
   rC+:       It protects you from cold.
   rN+:       It protects you from negative energy.
   Stlth+:    It makes you more stealthy.
 E - a ring of see invisible
 F - the ring "Gonygem" (right hand) {rPois Dex+2}
   (You bought it in a shop in a bazaar)

   [ring of poison resistance]

   Dex+2:     It affects your dexterity (+2).
   rPois:     It protects you from poison
 L - a ring of ice
 S - the ring "Celeixy" (left hand) {^Drain rElec rF+ rN++ Dex+6}
   (You took it off a minotaur in a Gauntlet)

   [ring of dexterity]

   Dex+6:     It affects your dexterity (+6).
   rF+:       It protects you from fire.
   rElec:     It insulates you from electricity.
   rN++:      It greatly protects you from negative energy.
   ^Drain:    It drains your maximum health when unequipped.
 T - a ring of protection from fire
 Z - a ring of resist corrosion
Wands
 g - a wand of iceblast (20)
 C - a wand of acid (27)
 N - a wand of digging (10)
Scrolls
 l - 20 scrolls of teleportation
 n - 4 scrolls of enchant armour
 p - 4 scrolls of amnesia
 q - 8 scrolls of immolation
 s - 5 scrolls of torment
 t - 7 scrolls of fog
 u - 5 scrolls of revelation
 v - 3 scrolls of blinking
 y - 3 scrolls of summoning
 A - 10 scrolls of fear
 D - 8 scrolls of vulnerability
 I - 12 scrolls of poison
 O - 30 scrolls of identify
 W - 2 scrolls of silence
 Y - 5 scrolls of enchant weapon
Potions
 c - 8 potions of brilliance
 d - 3 potions of magic
 h - 6 potions of heal wounds
 k - 12 potions of curing
 o - 13 potions of enlightenment
 x - 8 potions of mutation
 G - 7 potions of cancellation
 J - a potion of lignification
 K - 3 potions of attraction
 M - 3 potions of might
 Q - 3 potions of invisibility
 R - 7 potions of resistance
 V - 8 potions of haste
 X - a potion of ambrosia
Miscellaneous
 U - a phial of floods


   Skills:
 - Level 23.2 Fighting
 - Level 14.0 Staves
 - Level 14.6 Armour
 - Level 16.6 Dodging
 - Level 5.0 Stealth
 - Level 14.0 Spellcasting
 - Level 14.3 Conjurations
 * Level 11.5 Hexes
 - Level 14.0 Summonings
 - Level 14.0 Necromancy
 - Level 15.8 Ice Magic
 - Level 6.5 Air Magic
 - Level 7.3 Alchemy


You couldn't memorise any spells.
You knew the following spells:

 Your Spells              Type           Power      Damage    Failure   Level
a - Sting                 Conj/Alch      100%       1d9       1%          1
b - Mercury Vapours       Alch/Air       100%       N/A       1%          2
c - Mephitic Cloud        Conj/Alch/Air  63%        N/A       1%          3
d - Ozocubu's Armour      Ice            81%        N/A       1%          3
e - Freezing Cloud        Conj/Ice/Air   35%        6-21      1%          5
f - Ozocubu's Refrigerat  Ice            40%        4d16      5%          7
g - Apportation           Tloc           36%        N/A       4%          1
h - Yara's Violent Unrav  Hex/Alch       31%        3d13      2%          5
i - Haunt                 Necr/Summ      38%        N/A       11%         7
j - Arcjolt               Conj/Air       33%        1d43      1%          5
k - Orb of Destruction    Conj           38%        9d11      10%         7
l - Enfeeble              Hex            34%        N/A       30%         7

Your spell library contained the following spells:

 Spells                   Type           Power      Damage    Failure   Level
 Freeze                   Ice            100%       1d10      0%          1
 Kiss of Death            Conj/Necr      100%       2d13      0%          1
 Magic Dart               Conj           100%       1d8       0%          1
 Necrotise                Necr           100%       1d9       0%          1
 Summon Small Mammal      Summ           100%       N/A       0%          1
 Shock                    Conj/Air       100%       1d9       1%          1
 Call Imp                 Summ           100%       N/A       1%          2
 Cigotuvi's Dreadful Rot  Necr/Alch/Air  100%       N/A       1%          2
 Ensorcelled Hibernation  Hex/Ice        100%       N/A       1%          2
 Jinxbite                 Hex            100%       N/A       1%          2
 Searing Ray              Conj           100%       2d8       1%          2
 Static Discharge         Conj/Air       100%       3-8/arc   1%          2
 Sublimation of Blood     Necr           76%        N/A       1%          2
 Call Canine Familiar     Summ           76%        N/A       1%          3
 Confusing Touch          Hex            69%        N/A       1%          3
 Frozen Ramparts          Ice            100%       1d16      1%          3
 Fugue of the Fallen      Necr           76%        N/A       1%          3
 Hailstorm                Conj/Ice       79%        3d13      1%          3
 Inner Flame              Hex/Fire       50%        N/A       1%          3
 Sigil of Binding         Hex            69%        N/A       1%          3
 Summon Ice Beast         Ice/Summ       79%        N/A       1%          3
 Swiftness                Air            53%        N/A       1%          3
 Tukima's Dance           Hex            69%        N/A       1%          3
 Vampiric Draining        Necr           76%        2d11      1%          3
 Anguish                  Hex/Necr       36%        N/A       1%          4
 Cause Fear               Hex            34%        N/A       1%          4
 Dispel Undead            Necr           76%        3d25      1%          4
 Fulminant Prism          Conj/Alch      33%        3d16      1%          4
 Olgreb's Toxic Radiance  Alch           55%        N/A       1%          4
 Summon Lightning Spire   Summ/Air       65%        N/A       1%          4
 Curse of Agony           Necr           76%        N/A       1%          5
 Iskenderun's Battlesphe  Conj           77%        2d13      1%          5
 Metabolic Englaciation   Hex/Ice        37%        N/A       1%          5
 Summon Mana Viper        Hex/Summ       73%        N/A       1%          5
 Death Channel            Necr           38%        N/A       1%          6
 Summon Cactus Giant      Summ           38%        N/A       1%          6
 Airstrike                Air            26%        2d(4-20)  2%          4
 Animate Armour           Summ/Erth      100%       N/A       2%          4
 Brom's Barrelling Bould  Conj/Erth      55%        2d7       2%          4
 Flame Wave               Conj/Fire      55%        2d13      2%          4
 Iskenderun's Mystic Bla  Conj/Tloc      55%        2d12      2%          4
 Summon Blazeheart Golem  Fire/Summ      54%        N/A       2%          4
 Silence                  Hex/Air        30%        N/A       2%          5
 Dimensional Bullseye     Hex/Tloc       25%        N/A       3%          4
 Lesser Beckoning         Tloc           36%        N/A       6%          2
 Alistair's Intoxication  Alch           36%        N/A       6%          5
 Borgnjor's Vile Clutch   Necr/Erth      27%        N/A       6%          5
 Fireball                 Conj/Fire      27%        3d12      6%          5
 Summon Forest            Summ/Tloc      27%        N/A       6%          5
 Conjure Ball Lightning   Conj/Air       33%        3x3d11    9%          6
 Ignite Poison            Fire/Alch      38%        N/A       10%         4
 Leda's Liquefaction      Alch/Erth      19%        N/A       10%         4
 Petrify                  Alch/Erth      38%        N/A       10%         4
 Sticky Flame             Fire/Alch      38%        2d8       10%         4
 Vhi's Electric Charge    Tloc/Air       72%        N/A       11%         4
 Monstrous Menagerie      Summ           38%        N/A       11%         7
 Summon Hydra             Summ           38%        N/A       11%         7
 Gell's Gravitas          Tloc           18%        N/A       12%         3
 Passwall                 Erth           18%        N/A       12%         3
 Teleport Other           Tloc           18%        N/A       12%         3
 Bombard                  Conj/Erth      27%        9d5       32%         6
 Passage of Golubria      Tloc           18%        N/A       38%         4
 Infestation              Necr           38%        N/A       65%         8
 Lee's Rapid Deconstruct  Erth           9%         3d7*      75%         5
 Plasma Beam              Fire/Air       18%        2x1d29    86%         6
 Discord                  Hex            34%        N/A       94%         8
 Dispersal                Tloc           9%         N/A       99%         6
 Polar Vortex             Ice            40%        12d5*     99%         9
 Disjunction              Tloc           9%         N/A       100%        8
 Ignition                 Fire           9%         3d5       100%        8
 Lehudib's Crystal Spear  Conj/Erth      27%        10d7      100%        8
 Maxwell's Capacitive Co  Air            26%        ∞         100%        8
 Dragon's Call            Summ           38%        N/A       100%        9
 Animate Dead             Necr           Unusable   N/A       N/A         4
 Sculpt Simulacrum        Ice/Alch       Unusable   N/A       N/A         6

Dungeon Overview and Level Annotations

Branches:
Dungeon (15/15)            Temple (1/1) D:5            Lair (5/5) D:8
  Swamp (4/4) Lair:2        Snake (4/4) Lair:3        Slime (3/5) Lair:4
    Orc (2/2) D:12            Elf (3/3) Orc:2        Vaults (5/5) D:13
  Crypt (3/3) Vaults:3       Tomb (0/3) Crypt:3      Depths (4/4) D:15
    Zot (4/5) Depths:4      Sewer (visited)         Ossuary (visited)
 Bailey (visited)          WizLab (visited)         Gauntlet (visited)

Altars:
Ashenzari
Cheibriados
Dithmenos
Elyvilon
Fedhas
Gozag
Hepliaklqana
Kikubaaqudgha
Makhleb
Nemelex Xobeh
Okawaru
Qazlal
Ru
Sif Muna
Trog
Uskayaw
Vehumet
Wu Jian
Xom
Yredelemnul
Zin
The Shining One
Jiyva

Shops:
D:1 :   D:2 [   D:4 *   D:6 *   D:11 [   D:12 (   Orc:2 ?[*:   Elf:1 (
Snake:1 **   Vaults:3 (   Vaults:5 (   Depths:2 ![:=

Portals:
Hell: Depths:1 Depths:2 Depths:3 Depths:4
Abyss: Depths:3
Pandemonium: Depths:1 Depths:2
Ziggurat: Depths:2

Annotations:
Lair:3 exclusion: downstairs
Snake:4 2 transporters, Vuskak's ghost, adept HuBe
Elf:2 6 runed translucent doors, Sonofthefire's ghost, adept DrSh
Depths:2 exclusions: daeva and 3 more exclusions
Zot:4 Grunn


Innate Abilities, Weirdness & Mutations

You are too large for most types of armour.
You have a pair of small horns on your head.
You have tough skin. (AC +1)
You gain doubled healing and magic from potions.
Whenever you drink a healing potion, you attack all around you.


Message History

The moth of wrath is distracted by your dazzling golden aura.
Unknown command.
Unknown command.
The moth of wrath's fur bristles in rage as it notices you.
You hit the golden dragon but do no damage.
The golden dragon is lightly wounded.
The golden dragon completely misses you.
The golden dragon closely misses you.
The golden dragon tramples you but does no damage.
Unknown command.
Unknown command.
You slice the golden dragon!!
You feel better.
The golden dragon is moderately wounded.
The Tzitzimitl is distracted by your dazzling golden aura.
The golden dragon bites you!!!
* * * LOW HITPOINT WARNING * * *
The golden dragon completely misses you.
The golden dragon tramples you!!
* * * LOW HITPOINT WARNING * * *
You hold your ground!
The Tzitzimitl roars!
Unknown command.
You hit the golden dragon but do no damage.
You headbutt the golden dragon.
The golden dragon is moderately wounded.
Unknown command.
You slash the golden dragon!
You feel better.
Your headbutt misses the golden dragon.
The golden dragon is moderately wounded.
The golden dragon bites you!!
* * * LOW HITPOINT WARNING * * *
The golden dragon closely misses you.
The golden dragon completely misses you.
You slice the golden dragon!! Your headbutt misses the golden dragon.
The golden dragon is heavily wounded.
The moth of wrath is no longer distracted by gold.
The golden dragon completely misses you.
The golden dragon claws you!
You die...
Your body crumbles into a pile of gold.

.......).##..######.##.###.......
..#'######...######.##...+.......
#...# #.#.######.##.###.......
###.######.#....)>.......#.....(.
#...........#####.###.#.#.......
#..######.#.#####.###.#.#.......
#..# #.#.#####.###...+.......
#..# #.#.#####'#####.#.......
#.## #.#.#..@y2....#.######'#
#.#######.#.#.D.1.....#..#####.#
#...........#.........'.[)[....#
####.####.#.'.........##.#####.#
#.# #.###.........##'### #.# #.#
#.# #..............###.#
####.####.# #..............'...)
#......##.###..............####.
#..........##!.............# #.


You could see a golden dragon (berserk), a Tzitzimitl, a moth of wrath and a
tormentor.

Vanquished Creatures
  A dread lich (Depths:3)
  A Head Instructor (WizLab)
  2 caustic shrikes
  Nikola (Swamp:4)
  Jory (Crypt:3)
  3 golden dragons
  A profane servitor (Crypt:3)
  3 bone dragons
  An electric golem (Zot:1)
  A shard shrike zombie (Crypt:3)
  Jorgrun (D:13)
  A shard shrike skeleton (Crypt:2)
  Mlioglotl (Swamp:3)
  8 tentacled monstrosities
  2 walking frostbound tomes (Depths:3)
  A walking divine tome (Depths:2)
  6 quicksilver dragons
  A walking earthen tome (Depths:3)
  6 liches
  A titan (Vaults:5)
  3 sphinxes
  4 deep elf blademasters (Elf:3)
  2 deep elf master archers (Elf:3)
  2 acid blobs (Slime:3)
  Gastronok (D:12)
  3 ancient champions
  A thorn hunter (Swamp:2)
  7 death cobs
  5 tengu reavers
  Kirke (D:14)
  Donald (Crypt:1)
  3 shadow dragons
  4 nagarajas (Snake:4)
  7 fire giants
  An azure jelly (Slime:2)
  A draconian monk (Zot:2)
  A rockslime (Slime:3)
  8 storm dragons
  4 revenants
  A draconian shifter (Zot:3)
  A fenstrider witch (Swamp:4)
  19 vault wardens
  6 draconian knights
  12 frost giants
  2 draconian scorchers
  10 deep elf sorcerers
  2 balrugs
  2 iron dragons
  2 curse skulls
  An orc warlord (Orc:2)
  3 draconian stormcallers
  A ghost moth (Zot:2)
  A reaper (Crypt:2)
  9 deep elf elementalists
  5 ghouls
  5 draconian annihilators
  18 stone giants
  15 ironbound preservers
  3 spriggan defenders
  20 very ugly things
  3 caustic shrike skeletons
  10 deep elf demonologists (Elf:3)
  Nessos (D:13)
  9 ironbound thunderhulks
  4 green draconians
  7 vampire knights
  3 black draconians
  3 formless jellyfish
  8 eleionomae
  2 deep elf death magi (Elf:3)
  6 red draconians
  4 white draconians
  7 spark wasps
  The ghost of XomNomNom the Severer, a journeyman HOMo of Ashenzari (D:12)
  8 purple draconians
  12 dire elephants
  6 deep elf annihilators
  2 minotaurs
  3 bunyips
  3 war gargoyles
  72 slime creatures
  7 yellow draconians
  An eidolon (Crypt:1)
  3 crystal guardians (Vaults:3)
  Josephine (D:10)
  2 green deaths
  7 ettins
  10 fire dragons
  18 jiangshi
  6 deep elf high priests
  An entropy weaver (Vaults:3)
  4 great orbs of eyes
  7 yaktaur captains
  16 ice dragons
  A spectral spriggan (Crypt:3)
  2 salamander tyrants (Snake:4)
  18 vault guards
  5 rakshasas
  4 peacekeepers
  11 spriggan air magi
  9 hydras
  5 anacondas
  11 centaur warriors
  13 ironbound frosthearts
  10 alligators
  An ogre mage (WizLab)
  8 boulder beetles
  2 ghost crabs
  5 two-headed ogres
  2 death knights
  Erica (Lair:1)
  5 death yaks (Lair:5)
  6 deep troll shamans
  5 deep troll earth magi
  6 naga warriors
  6 tengu warriors
  A demonic crawler (Lair:5)
  A death scarab (Gauntlet)
  4 vampire magi
  5 orc high priests
  13 naga sharpshooters
  20 dancing weapons
  7 shock serpents
  2 occultists
  8 spriggan berserkers
  A hell knight (WizLab)
  16 deep elf knights
  2 soul eaters (Zot:1)
  Urug (D:11)
  A titan skeleton (Crypt:2)
  4 iron trolls
  25 skeletal warriors
  A fire crab (shapeshifter) (Elf:2)
  5 shadow wraiths
  2 sixfirhies
  7 nameless horrors
  5 salamander mystics
  Lodul (D:10)
  A spark wasp zombie (Depths:2)
  A skyshark (Lair:4)
  6 sea snakes (Snake:2)
  A flayed ghost (Depths:3)
  3 spectral anacondas (Snake:4)
  5 goliath frogs
  A steelbarb worm (shapeshifter) (Depths:3)
  4 spriggan druids
  3 anaconda zombies (Snake:4)
  5 bog bodies
  6 swamp dragons
  35 deep trolls
  5 deep elf archers
  12 lindwurms
  10 naga ritualists
  12 ironbound convokers
  3 death drakes
  10 arcanists
  7 necromancers
  A large abomination (Swamp:4)
  9 phantasmal warriors
  6 orc knights
  7 anaconda skeletons (Snake:4)
  6 orc sorcerers
  15 mana vipers
  A spectral boulder beetle (Gauntlet)
  A stone giant zombie (Crypt:2)
  A mana viper (shapeshifter) (Vaults:3)
  A wolf spider (Lair:2)
  17 deep elf zephyrmancers
  2 oklob plants
  A wolf spider (shapeshifter) (Depths:3)
  23 deep elf pyromancers
  13 salamanders
  2 will-o-the-wisps
  45 ugly things
  8 manticores
  A kobold blastminer (Orc:2)
  9 cyclopes
  2 meliai (shapeshifter)
  45 black mambas
  13 moths of wrath
  9 guardian serpents
  2 smoke demons
  6 torpor snails
  16 naga magi
  4 elephants (Lair:5)
  23 vault sentinels
  2 molten gargoyles (Lair:5)
  3 gargoyles
  An eye of devastation (shapeshifter) (Depths:3)
  A black draconian zombie (Zot:1)
  3 unseen horrors
  4 rime drakes
  11 cane toads
  8 freezing wraiths
  3 orange demons (Swamp:4)
  A redback zombie (Crypt:1)
  9 tengu conjurers
  A guardian mummy (Zot:1)
  A tormentor (Depths:1)
  2 efreet
  11 komodo dragons
  A green draconian skeleton (Crypt:2)
  15 yaktaurs
  5 anaconda simulacra (Snake:4)
  An ice devil (Gauntlet)
  7 trolls
  A wolf spider simulacrum (D:14)
  A merfolk (shapeshifter) (Depths:3)
  A tarantella (Lair:2)
  13 tyrant leeches
  Prince Ribbit (D:6)
  12 dream sheep
  33 blink frogs
  12 hornets
  A guardian serpent zombie (Crypt:1)
  A glass eye (Depths:4)
  A spriggan zombie (Depths:2)
  A jumping spider (Lair:2)
  3 shadows (Crypt:3)
  A guardian serpent skeleton (Crypt:2)
  5 air elementals
  13 spriggans
  A vampire (D:13)
  A ynoxinul (D:12)
  A water elemental (Elf:1)
  5 wyverns
  A small abomination (Crypt:3)
  60 yaks
  8 wraiths
  9 basilisks
  7 humans (D:13)
  2 fire elementals
  A hog (D:14)
  4 steam dragons
  8 wargs
  3 redbacks (Vaults:3)
  5 vampire mosquitoes
  33 nagas
  A skyshark zombie (Crypt:2)
  A swamp worm (shapeshifter) (Depths:3)
  11 swamp worms
  3 acid dragons
  A fire bat skeleton (Crypt:1)
  4 hell hounds
  16 water moccasins
  5 ice beasts
  2 swamp drakes
  54 orc warriors
  A black bear (D:4)
  20 ogres
  6 wolves
  16 laughing skulls
  3 phantoms
  7 centaurs
  4 kobold brigands
  4 earth elementals
  7 necrophages
  5 bullfrogs
  4 gnoll sergeants
  3 scorpions
  A salamander skeleton (Crypt:1)
  27 wights
  A cyclops skeleton (Crypt:1)
  12 killer bees
  A troll skeleton (Crypt:1)
  A howler monkey (D:6)
  6 electric eels
  8 lava snakes
  A centaur zombie (Ossuary)
  2 bombardier beetles (D:5)
  31 orc priests
  Crazy Yiuf (D:2)
  2 gnoll boudas (D:7)
  6 hounds
  6 iguanas
  3 sleepcaps
  22 orc wizards
  4 crocodile zombies (Ossuary)
  2 mummies (Ossuary)
  Robin (D:3)
  11 gnolls
  6 adders
  2 river rats
  A shadow imp (D:7)
  2 white imps (Gauntlet)
  2 jelly zombies (Crypt:2)
  3 worms
  3 dart slugs
  101 orcs
  3 ball pythons
  9 endoplasms
  6 giant cockroaches
  22 goblins
  14 hobgoblins
  5 jackals
  7 quokkas
  3 bats
  3 frilled lizards
  A frilled lizard skeleton (Crypt:1)
  35 kobolds
  A kobold skeleton (Crypt:2)
  2 kobold zombies (Ossuary)
  7 rats
2088 creatures vanquished.

Vanquished Creatures (collateral kills)
  A dread lich (Vaults:5)
  Xtahua (Depths:4)
  A Killer Klown (Zot:2)
  A curse toe (Zot:1)
  4 golden dragons
  A bone dragon (Zot:1)
  2 tentacled monstrosities
  A lich (Crypt:3)
  2 titans
  A walking divine tome (Depths:3)
  A sphinx (Vaults:5)
  A quicksilver dragon (Depths:3)
  2 ancient champions (Crypt:3)
  4 death cobs
  4 draconian shifters
  2 storm dragons
  A tengu reaver (Vaults:5)
  6 shadow dragons
  A draconian monk (Zot:1)
  An azure jelly (Slime:2)
  A rockslime (Slime:2)
  A draconian knight (Zot:3)
  A frost giant (Depths:3)
  An iron dragon (Depths:4)
  A draconian scorcher (Depths:4)
  3 vault wardens (Vaults:5)
  4 draconian stormcallers
  A ghoul (Crypt:1)
  A draconian annihilator (Zot:3)
  2 green draconians
  5 vampire knights
  A very ugly thing (Vaults:5)
  An ironbound preserver (Vaults:5)
  A stone giant (Vaults:5)
  A war gargoyle (Vaults:5)
  2 red draconians (Zot:3)
  2 deep elf death magi
  A yellow draconian (Zot:3)
  2 white draconians (Zot:3)
  The ghost of Laraso the Basher, a journeyman OnCA of Ignis (D:11)
  A yaktaur captain (Vaults:5)
  6 jiangshi
  3 vault guards (Vaults:5)
  An ice dragon (Depths:3)
  A death knight (Crypt:3)
  3 deep troll earth magi
  A vampire mage (Depths:3)
  2 soul eaters (Zot:1)
  A shadow wraith (Crypt:3)
  An iron troll (Depths:4)
  10 skeletal warriors
  A large abomination (Crypt:3)
  A death drake (shapeshifter) (Vaults:5)
  A flayed ghost (Crypt:3)
  A bog body (Crypt:1)
  A moth of wrath (Zot:4)
  An eye of devastation (Slime:2)
  A freezing wraith (Crypt:3)
  A red draconian skeleton (Zot:1)
  A glass eye (Depths:4)
  A spectral black mamba (Crypt:3)
  A shadow (Crypt:3)
  A naga simulacrum (Crypt:3)
  2 small abominations (Crypt:3)
  2 laughing skulls (Crypt:3)
  A weeping skull (Crypt:3)
  4 burial acolytes (Crypt:3)
  A bullfrog skeleton (Crypt:1)
  A boggart zombie (Crypt:1)
  A crocodile skeleton (Crypt:1)
125 creatures vanquished.

Vanquished Creatures (others)
  An ancient lich (Zot:1)
  A golden dragon (Zot:3)
  A tentacled monstrosity (Vaults:5)
  2 titans (Vaults:5)
  3 sphinxes (Vaults:5)
  2 tengu reavers (Vaults:5)
  A frost giant (Vaults:5)
  A fire giant (Vaults:5)
  2 vault wardens (Vaults:5)
  3 ironbound preservers (Vaults:5)
  A very ugly thing (Vaults:5)
  A vampire knight (Depths:1)
  2 deep elf death magi (Vaults:5)
  2 deep elf demonologists
  A war gargoyle (Vaults:5)
  2 ettins (Vaults:5)
  A yaktaur captain (Vaults:5)
  14 vault guards (Vaults:5)
  A two-headed ogre (shapeshifter) (Vaults:5)
  A spectral anaconda (Snake:4)
  A deep troll (shapeshifter) (Vaults:5)
  A deep elf archer (Elf:1)
  2 ironbound convokers (Vaults:5)
  A phantasmal warrior (Vaults:5)
  2 deep elf pyromancers (Elf:1)
  A necromancer (Vaults:5)
  A moth of wrath (Zot:1)
  A vault sentinel (Vaults:5)
  3 bloated husks
  A human (D:13)
  A swamp worm (shapeshifter) (Vaults:5)
  6 foxfires (Lair:2)
64 creatures vanquished.

Grand Total: 2277 creatures vanquished

Notes
Turn   | Place    | Note
-------+----------+-------------------------------------------
     0 | D:1      | jestert79 the Oni Alchemist began the quest for the Orb.
     0 | D:1      | Reached XP level 1. HP: 16/16 MP: 3/3
    48 | D:1      | Reached skill level 1 in Conjurations
   144 | D:1      | Reached XP level 2. HP: 23/24 MP: 0/5
   221 | D:1      | Found Totzu's Book Boutique.
   809 | D:1      | Reached XP level 3. HP: 30/31 MP: 4/6
   905 | D:1      | Learned a level 2 spell: Mercury Vapours
   909 | D:1      | Learned a level 3 spell: Mephitic Cloud
  1240 | D:2      | Found Jeehe's Antique Armour Boutique.
  1331 | D:2      | Found a faded altar of an unknown god.
  1618 | D:2      | Found a runed translucent door.
  1619 | D:2      | Noticed Crazy Yiuf
  2036 | D:2      | HP: 1/31 [Crazy Yiuf/+2 quarterstaff of chaos (18)]
  2046 | D:2      | Killed Crazy Yiuf
  2047 | D:2      | Reached skill level 1 in Air Magic
  2047 | D:2      | Reached XP level 4. HP: 4/39 MP: 0/7
  2382 | D:3      | Noticed an ogre
  2395 | D:3      | Killed an ogre
  2396 | D:3      | Reached XP level 5. HP: 31/45 MP: 3/8
  2798 | D:3      | Reached XP level 6. HP: 39/53 MP: 6/9
  3135 | D:3      | Noticed Robin
  3173 | D:3      | Killed Robin
  3816 | D:4      | Found a sand-covered staircase.
  3825 | Ossuary  | Entered an ossuary
  3846 | Ossuary  | Reached skill level 1 in Fighting
  3940 | Ossuary  | Reached skill level 1 in Staves
  4114 | Ossuary  | Reached XP level 7. HP: 53/62 MP: 5/10
  4375 | D:4      | Reached skill level 2 in Fighting
  4708 | D:4      | Found Ioets's Incredible Inventory.
  4715 | D:4      | Bought a scroll of identify for 20 gold pieces
  4986 | D:5      | Entered Level 5 of the Dungeon
  5015 | D:5      | Noticed Edmund
  5016 | D:5      | Reached skill level 3 in Fighting
  5016 | D:5      | Reached XP level 8. HP: 44/75 MP: 2/11
  5168 | D:4      | Edmund changed into Edmund the naga
  5168 | D:4      | Noticed Edmund
  5170 | D:4      | Killed Edmund the naga
  5294 | D:5      | Reached skill level 5 in Alchemy
  5477 | D:5      | Found a glowing drain.
  5481 | Sewer    | Entered a sewer
  5491 | Sewer    | Learned a level 3 spell: Ozocubu's Armour
  5577 | Sewer    | Reached skill level 4 in Fighting
  5635 | Sewer    | Found a white marble altar of Elyvilon.
  5768 | D:5      | Identified the ring "Zoficujo" {rC+ rN+ EV+5 Dex+2 Stlth+}
  5942 | D:5      | Reached skill level 1 in Ice Magic
  6034 | D:5      | Found a staircase to the Ecumenical Temple.
  6049 | Temple   | Entered the Ecumenical Temple
  6060 | Temple   | Became a worshipper of Gozag Ym Sagoz the Greedy
  6473 | D:6      | Identified the +3 dagger of Tapag {pain, Str+3}
  6483 | D:6      | Reached XP level 9. HP: 87/87 MP: 12/12
  6508 | D:6      | Reached skill level 5 in Fighting
  6688 | D:6      | Found a glowing silver altar of Zin.
  6723 | D:6      | Found a blossoming altar of Fedhas.
  6968 | D:6      | Reached skill level 5 in Staves
  6991 | D:6      | Noticed Prince Ribbit
  6999 | D:6      | Killed Prince Ribbit
  7000 | D:6      | Reached skill level 6 in Fighting
  7295 | D:6      | Found Egeqiv's General Store.
  7927 | D:6      | Reached skill level 7 in Fighting
  8313 | D:7      | Reached skill level 5 in Stealth
  8313 | D:7      | Reached XP level 10. HP: 102/102 MP: 8/14
  8338 | D:7      | Learned a level 5 spell: Freezing Cloud
  8995 | D:4      | Bought a manual of Ice Magic for 800 gold pieces
  9086 | D:7      | Reached skill level 5 in Conjurations
  9488 | D:7      | Reached skill level 5 in Ice Magic
  9963 | D:8      | Found a flagged portal.
  9970 | D:8      | Found a staircase to the Lair.
  9997 | Bailey   | Entered a bailey
 10004 | Bailey   | Noticed an orc knight
 10470 | Bailey   | Killed an orc knight
 10471 | Bailey   | Reached skill level 5 in Air Magic
 10602 | Bailey   | Identified the +1 ring mail of Toothy Life {Stlth+}
 10805 | D:8      | Identified a scroll of acquirement
 10805 | D:8      | Acquired a +5 lajatang of distortion
 12045 | D:8      | Reached XP level 11. HP: 104/106 MP: 12/15
 12480 | D:4      | Bought a +6 ring of intelligence for 360 gold pieces
 13171 | D:9      | Found a sparkling altar of Nemelex Xobeh.
 13817 | D:10     | Entered Level 10 of the Dungeon
 13884 | D:10     | Noticed Lodul
 13972 | Lair:1   | Entered Level 1 of the Lair of Beasts
 13992 | Lair:1   | Reached skill level 8 in Fighting
 14166 | Lair:1   | Noticed Erica
 14438 | Lair:1   | Killed Erica
 15630 | Lair:2   | Reached skill level 5 in Dodging
 15639 | Lair:2   | Reached skill level 9 in Fighting
 15937 | Lair:2   | Reached XP level 12. HP: 99/123 MP: 9/18
 16026 | Lair:2   | Found a runed translucent door.
 16275 | Lair:2   | Found a staircase to the Swamp.
 16860 | Lair:3   | Noticed a five-headed hydra
 17497 | Lair:3   | Found a staircase to the Snake Pit.
 17616 | Lair:3   | Killed a five-headed hydra
 17713 | Lair:3   | Reached skill level 10 in Fighting
 18603 | Lair:3   | You fall into a shaft and drop 2 floors!
 18603 | Lair:5   | Entered Level 5 of the Lair of Beasts
 18618 | Lair:5   | Noticed a skyshark
 18637 | Lair:4   | Reached skill level 10 in Staves
 18810 | Lair:4   | Found a staircase to the Slime Pits.
 18810 | Lair:4   | Found a viscous altar of Jiyva.
 18949 | Lair:4   | Noticed a four-headed hydra
 18957 | Lair:4   | Killed a four-headed hydra
 18958 | Lair:4   | Reached skill level 11 in Fighting
 18958 | Lair:4   | Reached XP level 13. HP: 137/137 MP: 3/19
 19786 | D:2      | Bought quicksilver dragon scales for 1560 gold pieces
 20469 | Lair:4   | Found a snail-covered altar of Cheibriados.
 20505 | Lair:4   | Reached skill level 1 in Armour
 21945 | Lair:5   | Reached skill level 10 in Ice Magic
 23038 | Lair:5   | Reached XP level 14. HP: 114/146 MP: 14/20
 23047 | Lair:5   | Reached skill level 5 in Armour
 23743 | D:4      | Bought a book of Ice for 500 gold pieces
 23751 | D:4      | Learned a level 7 spell: Ozocubu's Refrigeration
 24562 | Lair:5   | Found a large runed translucent door.
 25345 | Lair:5   | Found a large runed translucent door.
 26520 | D:10     | Found a sacrificial altar of Ru.
 26582 | D:10     | Noticed Josephine
 26719 | D:10     | Killed Josephine
 27198 | D:10     | Killed Lodul
 27587 | D:11     | Found a gate leading to a gauntlet.
 27593 | Gauntlet | Entered a Gauntlet
 27593 | Gauntlet | Found a runed translucent gate.
 27593 | Gauntlet | Found a transporter.
 27593 | Gauntlet | Found a transporter.
 27593 | Gauntlet | Found a transporter.
 27618 | Gauntlet | Found a transporter.
 27619 | Gauntlet | Found a transporter.
 27620 | Gauntlet | Found a runed translucent gate.
 27621 | Gauntlet | Found a runed translucent gate.
 27622 | Gauntlet | Found a transporter.
 27629 | Gauntlet | Found a transporter.
 27630 | Gauntlet | Found a transporter.
 27631 | Gauntlet | Found a transporter.
 27633 | Gauntlet | Found a transporter.
 27635 | Gauntlet | Noticed a balrug
 27641 | Gauntlet | Found a transporter.
 27641 | Gauntlet | Found a transporter.
 28181 | Gauntlet | Identified the staff of Agony {rElec rF+ Int-4 Conj Fire
                  | Air}
 28208 | Gauntlet | Killed a balrug
 28223 | Gauntlet | Identified the ring "Xoets" {rC+ Int+6}
 28319 | Gauntlet | Identified the ring "Celeixy" {^Drain rElec rF+ rN++ Dex+6}
 28506 | D:11     | Noticed Laraso's ghost (journeyman OnCA)
 28939 | Lair:2   | Identified the +2 whip of Uncertain Death {drain, Dex+2}
 28947 | Lair:2   | Found a runed translucent gate.
 28947 | Lair:2   | Found a runed translucent gate.
 28947 | Lair:2   | Found a runed translucent gate.
 28947 | Lair:2   | Found a runed translucent gate.
 28947 | Lair:2   | Found a runed translucent gate.
 28947 | Lair:2   | Found a runed translucent gate.
 29490 | D:11     | Found Biqoeczu's Armour Boutique.
 29789 | D:11     | Reached skill level 5 in Spellcasting
 29884 | D:11     | Noticed Urug
 29894 | D:11     | Killed Urug
 29895 | D:11     | Reached XP level 15. HP: 140/156 MP: 17/22
 30027 | D:11     | Found a runed translucent gate.
 30027 | D:11     | Found a runed translucent gate.
 30027 | D:11     | Found a runed translucent gate.
 30244 | D:12     | Noticed Gastronok
 30407 | D:12     | Killed Gastronok
 30408 | D:12     | Reached skill level 12 in Fighting
 30556 | D:12     | Found an ancient bone altar of Kikubaaqudgha.
 30779 | D:12     | Found a runed translucent door.
 30779 | D:12     | Noticed XomNomNom's ghost (journeyman HOMo)
 30899 | D:12     | Found Apnuno's Weapon Shoppe.
 31332 | D:12     | Found a staircase to the Orcish Mines.
 31589 | Orc:1    | Entered Level 1 of the Orcish Mines
 32126 | Orc:2    | Entered Level 2 of the Orcish Mines
 32793 | Orc:2    | Found Bijobi's Magic Scroll Emporium.
 32988 | Orc:2    | Found Meetupn's Armour Shoppe.
 33845 | Orc:2    | Found a staircase to the Elven Halls.
 34057 | Orc:2    | Reached skill level 13 in Fighting
 34067 | Orc:2    | Noticed an orc warlord
 34425 | Orc:2    | Killed an orc warlord
 34656 | Orc:2    | Found Reula's Assorted Antiques.
 34707 | Orc:2    | Bought a potion of heal wounds for 195 gold pieces
 34707 | Orc:2    | Bought a scroll of enchant weapon for 292 gold pieces
 34870 | Orc:2    | Found Keziedd's Book Shoppe.
 35481 | D:12     | Killed XomNomNom's ghost
 35670 | D:13     | Identified the +2 helmet of Indemnity {Harm +Blink rF+
                  | Str+3}
 35924 | D:13     | Noticed Nessos
 35942 | D:13     | Reached XP level 16. HP: 135/170 MP: 22/26
 35956 | D:13     | Killed Nessos
 36256 | D:13     | Found a gate to the Vaults.
 36424 | D:13     | Noticed Jorgrun
 36436 | D:13     | Killed Jorgrun
 36522 | D:13     | Identified the +6 great mace of Defence by Offence {elec,
                  | rF- rN+ Will- Str+4}
 37768 | D:14     | Noticed Kirke
 37779 | D:14     | Reached skill level 14 in Fighting
 37783 | D:14     | Killed Kirke
 38025 | D:15     | Entered Level 15 of the Dungeon
 38087 | D:15     | Learned a level 1 spell: Apportation
 39246 | D:15     | Found a staircase to the Depths.
 40253 | Swamp:1  | Entered Level 1 of the Swamp
 40588 | Swamp:1  | Reached skill level 10 in Dodging
 41454 | Swamp:2  | Noticed a thorn hunter
 41462 | Swamp:2  | Killed a thorn hunter
 41568 | Swamp:1  | Reached skill level 15 in Fighting
 42203 | Swamp:2  | Reached XP level 17. HP: 184/184 MP: 19/29
 42333 | Swamp:2  | Learned a level 5 spell: Yara's Violent Unravelling
 43192 | Swamp:3  | Reached skill level 1 in Hexes
 43592 | Swamp:3  | Reached skill level 10 in Armour
 44068 | Swamp:4  | Entered Level 4 of the Swamp
 44116 | Swamp:4  | Noticed a tentacled monstrosity
 44240 | Swamp:4  | Noticed Mlioglotl
 44255 | Swamp:3  | Killed Mlioglotl
 44821 | Swamp:4  | Killed a tentacled monstrosity
 45214 | Swamp:4  | Noticed Nikola
 45346 | Swamp:4  | Killed Nikola
 46552 | Swamp:4  | Noticed a tentacled monstrosity
 46563 | Swamp:4  | Killed a tentacled monstrosity
 46714 | Swamp:4  | Got a decaying rune of Zot
 46914 | Snake:1  | Entered Level 1 of the Snake Pit
 47925 | Snake:1  | Found Xisema's General Store.
 47927 | Snake:1  | Found Fetef's Specific Store.
 47970 | Snake:1  | Reached skill level 5 in Hexes
 48441 | Snake:1  | Reached XP level 18. HP: 186/196 MP: 31/31
 49900 | Snake:2  | Reached skill level 16 in Fighting
 50351 | Snake:3  | Reached skill level 15 in Ice Magic
 52045 | Snake:4  | Entered Level 4 of the Snake Pit
 52626 | Snake:4  | Found a transporter.
 52724 | Snake:4  | Noticed Vuskak's ghost (adept HuBe)
 52778 | Snake:4  | Found a transporter.
 52792 | Snake:4  | Found a bloodstained altar of Trog.
 52948 | Snake:4  | Identified the +7 dagger of Beogh's Righteous Fury {flame,
                  | rCorr Int+2 Stlth+}
 53408 | Snake:4  | Reached skill level 10 in Spellcasting
 54286 | Snake:4  | Reached XP level 19. HP: 130/206 MP: 29/33
 54741 | Snake:4  | Reached skill level 17 in Fighting
 55318 | Snake:4  | Learned a level 7 spell: Haunt
 55408 | Snake:4  | Got a serpentine rune of Zot
 55872 | Vaults:1 | Entered Level 1 of the Vaults
 55973 | Vaults:1 | Found a magical portal.
 55978 | WizLab   | Entered Yara's Duelist Academy
 55995 | WizLab   | Reached skill level 1 in Summonings
 56002 | WizLab   | Reached skill level 1 in Necromancy
 57144 | WizLab   | Noticed Bofoing
 57155 | WizLab   | Killed Bofoing the Head Instructor
 57699 | Vaults:1 | Learned a level 5 spell: Arcjolt
 60152 | Vaults:2 | Found a flickering gateway to a bazaar.
 60165 | Vaults:2 | Paralysed by a formless jellyfish for 1 turns
 60174 | Bazaar   | Entered a bazaar
 60174 | Bazaar   | Found Jitiph's General Store.
 60174 | Bazaar   | Found Harui's Jewellery Boutique.
 60174 | Bazaar   | Found Oset's General Store.
 60174 | Bazaar   | Found Sopem's Distillery.
 60187 | Bazaar   | Found Kamuptonk's Jewellery Emporium.
 60221 | Bazaar   | Bought a potion of brilliance for 60 gold pieces
 60221 | Bazaar   | Bought a potion of curing for 45 gold pieces
 60225 | Bazaar   | Bought the ring "Gonygem" {rPois Dex+2} for 280 gold pieces
 60230 | Bazaar   | Bought a potion of heal wounds for 60 gold pieces
 60230 | Bazaar   | Bought 2 potions of curing for 72 gold pieces
 60230 | Bazaar   | Bought a potion of enlightenment for 60 gold pieces
 60233 | Bazaar   | Bought a potion of resistance for 100 gold pieces
 60236 | Bazaar   | Bought a ring of resist corrosion for 320 gold pieces
 61032 | Vaults:2 | Reached skill level 5 in Summonings
 61038 | Vaults:2 | Reached skill level 5 in Necromancy
 61197 | Vaults:2 | Reached XP level 20. HP: 221/221 MP: 34/34
 62195 | Vaults:2 | Reached skill level 18 in Fighting
 63785 | Vaults:3 | Found Vemer's Weapon Emporium.
 63990 | Vaults:3 | Paralysed by a formless jellyfish for 1 turns
 63998 | Vaults:3 | Paralysed by a formless jellyfish for 1 turns
 64356 | Vaults:3 | Found a staircase to the Crypt.
 64356 | Vaults:3 | Found a basalt altar of Yredelemnul.
 64356 | Vaults:3 | Found an ancient bone altar of Kikubaaqudgha.
 66395 | Vaults:4 | Reached XP level 21. HP: 230/231 MP: 33/35
 66808 | Vaults:4 | Paralysed by a formless jellyfish for 1 turns
 67991 | Elf:1    | Entered Level 1 of the Elven Halls
 68594 | Elf:1    | Reached skill level 19 in Fighting
 68759 | Elf:1    | Found Cinuxtia's Weapon Shop.
 69284 | Elf:1    | Paralysed by an air elemental for 1 turns
 70113 | Elf:2    | Found a runed translucent gate.
 70113 | Elf:2    | Found a runed translucent gate.
 70113 | Elf:2    | Found a runed translucent gate.
 70114 | Elf:2    | Noticed Sonofthefire's ghost (adept DrSh)
 70598 | Elf:2    | Paralysed by an air elemental for 1 turns
 70604 | Elf:2    | Paralysed by an air elemental for 1 turns
 70785 | Elf:2    | Paralysed by an air elemental for 1 turns
 70991 | Elf:2    | Found a runed translucent gate.
 70992 | Elf:2    | Found a runed translucent gate.
 70992 | Elf:2    | Found a runed translucent gate.
 71039 | Elf:3    | Entered Level 3 of the Elven Halls
 72410 | Elf:3    | Reached XP level 22. HP: 242/244 MP: 37/37
 72435 | Elf:3    | Reached skill level 10 in Summonings
 72558 | Elf:3    | Reached skill level 10 in Necromancy
 73517 | Elf:3    | Identified the amulet of Ezaonit {^Fragile rN++ Regen+
                  | Dex+8 Stlth-}
 74164 | Depths:1 | Entered Level 1 of the Depths
 75430 | Depths:1 | Found a one-way gate leading to the halls of Pandemonium.
 75893 | Depths:1 | Found an opulent altar of Gozag.
 75946 | Depths:1 | Found a gateway to Hell.
 76206 | Depths:2 | Found Fubiah's Jewellery Shop.
 76206 | Depths:2 | Found Aguasi's Distillery.
 76343 | Depths:2 | Found Pih Qit's Armour Boutique.
 76561 | Depths:2 | Found Laronoph's Book Shop.
 76717 | Depths:2 | Upgraded the game from 0.31-a0-1424-g2add1c7226 to
                  | 0.31-a0-1447-g87ca8d402b
 76763 | Depths:2 | Found a one-way gateway to a ziggurat.
 77285 | Depths:2 | Reached skill level 20 in Fighting
 78597 | Depths:2 | Noticed a caustic shrike
 78612 | Depths:2 | Killed a caustic shrike
 79323 | Depths:2 | Reached XP level 23. HP: 184/254 MP: 24/39
 79964 | Depths:2 | Identified the +6 spear of the Shimmering Pariah {freeze,
                  | *Noise rPois rCorr}
 80750 | Depths:3 | Found a one-way gate to the infinite horrors of the Abyss.
 81292 | Depths:3 | Found a blossoming altar of Fedhas.
 81293 | Depths:3 | Found a shimmering altar of Xom.
 81293 | Depths:3 | Found a shimmering altar of Xom.
 81695 | Depths:3 | Noticed a dread lich
 81714 | Depths:3 | Killed a dread lich
 83193 | Depths:3 | Identified the +7 eveningstar of Halih {vamp, rPois rCorr
                  | Int-5 Dex-3}
 83705 | Depths:3 | Noticed a caustic shrike
 83720 | Depths:3 | Killed a caustic shrike
 84734 | Depths:4 | Entered Level 4 of the Depths
 85120 | Depths:4 | Reached XP level 24. HP: 131/266 MP: 13/40
 85535 | Depths:4 | Found a sacrificial altar of Ru.
 86080 | Depths:4 | Found a sparkling altar of Nemelex Xobeh.
 86764 | Depths:4 | Noticed Xtahua
 86776 | Depths:4 | Killed Xtahua
 87152 | Depths:4 | Found a gate to the Realm of Zot.
 87817 | Crypt:1  | Entered Level 1 of the Crypt
 88953 | Crypt:1  | Reached skill level 21 in Fighting
 89390 | Crypt:1  | Reached skill level 15 in Dodging
 89601 | Crypt:1  | Noticed Donald
 89626 | Crypt:1  | Killed Donald
 89916 | Crypt:1  | Learned a level 7 spell: Orb of Destruction
 92461 | Crypt:3  | Entered Level 3 of the Crypt
 92645 | Crypt:3  | Noticed Jory
 92854 | Crypt:3  | Killed Jory
 93443 | Crypt:3  | Found an ancient bone altar of Kikubaaqudgha.
 94534 | Crypt:3  | Identified the ring of Pocieq {rF+ rN+ Dex-2 Slay+2}
 94586 | Crypt:3  | Identified the amulet "Gyravim" {Harm Rampage Regen+ Dex-3
                  | Stlth+}
 94586 | Crypt:3  | Identified the ring "Kyuceenu" {rElec rN+}
 94687 | Crypt:3  | Reached XP level 25. HP: 262/278 MP: 35/40
 95434 | Crypt:3  | Identified the +7 shortbow "Ileppe Anaik" {elec, Dex+6}
 95818 | Crypt:3  | Reached skill level 10 in Conjurations
 96054 | Crypt:3  | Found a staircase to the Tomb.
 96690 | Slime:1  | Entered Level 1 of the Pits of Slime
 97907 | D:11     | Killed Laraso's ghost
 98549 | Vaults:5 | Entered Level 5 of the Vaults
 98570 | Vaults:5 | Identified the ring "Caxtaxof" {Wiz rF+ Stlth+}
 99300 | Vaults:5 | Identified the +1 falchion "Waff" {speed, +Blink Str+3}
 99350 | Vaults:5 | Identified the +5 scale mail of Leaves {Will- Int+2 Dex+3}
 99782 | Vaults:5 | Found Rimaociss's Weapon Shoppe.
 99801 | Vaults:5 | Got a silver rune of Zot
100795 | Vaults:5 | Identified the +4 flail of Joyful Slaughter {freeze, rF+}
100795 | Vaults:5 | Identified the ring "Ixeimp" {Wiz Fly rPois rN+ Will-}
101434 | Vaults:5 | Noticed a dread lich
101445 | Vaults:5 | Killed a dread lich
101779 | Vaults:5 | Identified the ring of Vezxiext {*Slow Str+6 Int+3 Dex+5}
102422 | Zot:1    | Entered Level 1 of the Realm of Zot
102951 | Depths:2 | Bought a potion of heal wounds for 65 gold pieces
102951 | Depths:2 | Bought a potion of resistance for 130 gold pieces
102951 | Depths:2 | Bought a potion of resistance for 130 gold pieces
102951 | Depths:2 | Bought a potion of resistance for 130 gold pieces
102951 | Depths:2 | Bought 2 potions of haste for 260 gold pieces
102951 | Depths:2 | Bought a potion of curing for 39 gold pieces
103178 | Zot:1    | Reached skill level 22 in Fighting
103197 | Zot:1    | Reached XP level 26. HP: 97/291 MP: 25/41
104221 | Zot:1    | Noticed an ancient lich
104222 | Zot:1    | Killed an ancient lich
104636 | Zot:1    | Learned a level 7 spell: Enfeeble
108881 | Zot:2    | You fall into a shaft and drop 2 floors!
108882 | Zot:4    | Noticed Grunn
109544 | Zot:3    | Noticed a Killer Klown
110046 | Zot:2    | Killed a Killer Klown
110047 | Zot:2    | Reached skill level 10 in Hexes
110627 | Zot:3    | Reached skill level 23 in Fighting
112803 | Zot:3    | HP: 17/442 [golden dragon (21)]
112805 | Zot:3    | HP: 1/442 [golden dragon (23)]
112806 | Zot:3    | Mangled by a golden dragon

Illustrated notes

Levels and vault maps discovered:
D:1:      scummos_arrival_gate, layout_basic, serial_shops,
          nicolae_shop_crystal, minmay_octomino_e4
D:2:      layout_basic, serial_shops, shop, dreamdust_ecumenical_altar_grove,
          chequers_serial_rivers_small_b, uniq_crazy_yiuf_cottage
D:3:      layout_basic, uniq_robin
D:4:      layout_basic, mainiacjoe_ossuary_entry_dusty_tomb, minmay_misc_feat_x,
          nicolae_alphabet_shops
D:5:      layout_cave_pools, minmay_temple_entry_hall, gup_sewer_entry_spiral,
          uniq_edmund
D:6:      layout_loops_ring, fedhas_altar_3, mainiacjoe_overflow_cross_hatched,
          serial_shops, shop, feat_on_display, uniq_prince_ribbit1
D:7:      kennysheep_housing_project, layout_loops_cross
D:8:      layout_cave_pools, lair_entry_dummy, enter_bailey_5
D:9:      layout_basic, mainiacjoe_overflow_catwalk
D:10:     layout_stronghold, kennysheep_mini_moat,
          onia_ninara_dug_in_and_dangerous, uniq_josephine, uniq_lodul
D:11:     layout_loops_ring, serial_shops, nicolae_shop_tiny_waterfront,
          maelrawn_ghost_gauntlet_escape, gauntlet_entry_generic, minivault_4,
          uniq_urug
D:12:     layout_loops_ring, erik_orc_1, serial_shops,
          nicolae_shop_advertising_works [nicolae_subvault_shop_adworks],
          hellmonk_ghost_big_iron, serial_glass, glass_columns_b,
          glass_columns_b, glass_columns_b, glass_columns_c, glass_columns_a,
          glass_columns_a, glass_columns_a, glass_columns_b,
          minmay_ruined_shrine, uniq_gastronok
D:13:     layout_loops_ring, ximxim_vaults_locker_room, minmay_fountain_box,
          kennysheep_generic_room_2, uniq_nessos, uniq_jorgrun
D:14:     layout_irregular_city, uniq_kirke
D:15:     hangedman_depths_entry_civil_slaughter, layout_gridville,
          nicolae_figureground_sparkle
Temple:   mainiacjoe_temple_coin_purse
Lair:1:   layout_small_grid, uniq_erica
Lair:2:   gammafunk_indiana_jones, layout_loops_ring, minmay_swamp_entry_wisps,
          lemuel_fruit_tree
Lair:3:   wander_river, layout_gridlike, minmay_snake_entry_guardpost_small,
          infiniplex_staircase_pool
Lair:4:   cheibrodos_lair_river_kwai, layout_regular_city,
          minmay_slime_entry_oklob_open, kennysheep_snail_temple,
          serial_bayou_shore_b
Lair:5:   cheibrodos_lair_end_hotspot, layout_gridlike, worms_lemuel
Swamp:1:  layout_falls_marsh, evilmike_swamp_ruin_house_6, swamp_pool_1_2
Swamp:2:  layout_basic_swamp, hangedman_swamp_ruin_hall, swamp_pool_4,
          nicolae_swamp_tree_isthmus
Swamp:3:  layout_basic_swamp, infiniplex_staircase_pool_2, swamp_pool_1_2,
          nicolae_swamp_big_swirl
Swamp:4:  swamp_vile, layout_basic_swamp, uniq_mlioglotl, uniq_nikola
Snake:1:  layout_grid_maze, st_stairs_13, hangedman_snake_thin_pillar_pass,
          nicolae_specific_store, nicolae_snake_squiggles,
          nicolae_snake_flat_spine
Snake:2:  layout_basic
Snake:3:  layout_honeycomb
Snake:4:  johnstein_snake_rune_scales, layout_cave_town,
          gammafunk_ghost_wrathful_warriors, nicolae_snake_dead_anacondas
Slime:1:  cheibrodos_slime_lost_civilization_8, layout_caves,
          nicolae_slime_barrier
Slime:2:  layout_caves
Slime:3:  layout_caves
Orc:1:    layout_caves
Orc:2:    pubby_orc_utopia
Elf:1:    layout_geoelf_grid, serial_shops, nicolae_shop_behind_doors,
          minmay_elf_crystal_hexagon, nicolae_elf_v_pinch, grunt_megastairs_3
Elf:2:    nicolae_elf_blades_crystal_corner, layout_gridlike,
          gammafunk_ghost_split
Elf:3:    minmay_elf_hall_hex, layout_geoelf_diagonals, minmay_misc_feat_rows
Vaults:1: mu_enter_wizlab_2, nicolae_vaults_tangram_2, v_misc_11,
          grunt_vaults_focal, nicolae_vaults_tetromino_T_1,
          nicolae_vaults_storage_room_statues, layout_vaults_omnigrid
Vaults:2: vaults_room_grunt_arrival_ludios, dpeg_vaults_monster_box,
          ontoclasm_vaults_tryst, v_rooms_4,
          nicolae_vaults_shipping_containers_6, nicolae_vaults_network_s,
          nicolae_vaults_trapezoid_lopsided_2, v_misc_3,
          nicolae_vaults_storage_room_glass, vaults_standard_mumra_x,
          nicolae_vaults_angled_halls, layout_vaults_omnibox, serial_shops,
          bzr_entry_lakeside
Vaults:3: nicolae_vaults_house_1, nicolae_vaults_closet_pinwheel_6,
          nicolae_vaults_tetromino_Z_2, minmay_crypt_entry_necro_gods,
          nicolae_vaults_c_with_doors, v_misc_11, vaults_room_semicircle,
          layout_vaults_big_room, serial_shops,
          nicolae_shop_bloodbath_and_beyond
Vaults:4: ontoclasm_vaults_spin, vaults_room_pools, hangedman_vaults_stream,
          nicolae_vaults_closet_pinwheel_1, hangedman_vaults_stretched_pinwheel,
          grunt_vaults_bifocal, nicolae_vaults_shipping_containers_3,
          nicolae_vaults_spaceships, vaults_mumra_minichess_inversion,
          vaults_mumra_hex, nicolae_vaults_little_squares_6,
          nicolae_vaults_swerve, nicolae_vaults_ring_of_whatevers,
          nicolae_vaults_shelves_hall, layout_vaults_maze_bifur
Vaults:5: serial_shops
Crypt:1:  layout_gridlike, uniq_donald
Crypt:2:  layout_misc_corridors, nicolae_crypt_little_mausoleum
Crypt:3:  grunt_crypt_end_deaths_head, uniq_jory
Depths:1: layout_roguey, grunt_pan_entry_spiral, hell_entry,
          nicolae_gozag_cash_rules_everything_around_me, grunt_megastairs_5
Depths:2: cheibrodos_salmonella, layout_honeycomb, enter_ziggurat_d,
          rand_demon_pan_entry_3, hell_entry, minmay_shoptagon
Depths:3: hangedman_slaughterboxes, hell_entry, abyss_entry, serial_shops
Depths:4: grunt_crosshair, layout_gridville, hell_entry,
          nemelex_diamond_rough_becter, nicolae_ru_sacrificial_ziggurat,
          uniq_xtahua
Zot:1:    hangedman_snap_crack_crunch, layout_cathedral_of_symmetry
Zot:2:    layout_concentric_octagons, grunt_megastairs_2
Zot:3:    layout_gridlike, guppyfry_library_mini
Zot:4:    gammafunk_sealed_library, layout_onion_interference, uniq_grunn

Skill      XL: |  1  2  3  4  5  6  7  8  9 10 11 12 13 14 15 16 17 18 19 20 21 22 23 24 25 26 |
---------------+-------------------------------------------------------------------------------+-----
Conjurations   | 1 2 3 4 5 6 7 9 14 | 14.3
Alchemy        | 3 4 5 6 7 |  7.3
Air Magic      | 1 2 3 5 6 |  6.5
Fighting       | 1 3 4 7 9 11 13 15 16 17 18 19 20 21 22 23 | 23.2
Staves         | 1 2 3 5 6 8 10 12 14 | 14.0
Stealth        | 2 3 5 |  5.0
Ice Magic      | 1 4 6 7 8 11 12 13 14 15 | 15.8
Spellcasting   | 3 4 5 6 8 9 10 11 12 13 14 | 14.0
Dodging        | 3 5 6 7 9 10 11 12 13 14 15 16 | 16.6
Armour         | 4 6 8 9 10 11 12 13 14 | 14.6
Hexes          | 5 7 11 | 11.5
Summonings     | 5 8 9 11 13 14 | 14.0
Necromancy     | 5 8 9 11 13 14 | 14.0

Action                     |  1- 3 |  4- 6 |  7- 9 | 10-12 | 13-15 | 16-18 | 19-21 | 22-24 | 25-27 || total
---------------------------+-------+-------+-------+-------+-------+-------+-------+-------+-------++-------
  Melee: Unarmed           |     9 |       |       |       |       |       |       |       |       ||     9
         Headbutt          |    12 |    10 |    48 |    86 |   222 |   250 |   345 |   613 |   337 ||  1923
         Short sword       |    38 |       |       |       |       |       |       |       |       ||    38
         Quarterstaff      |       |   103 |   228 |   123 |       |       |       |       |       ||   454
         Lajatang          |       |       |       |   336 |  1017 |   849 |  1156 |  1824 |   933 ||  6115
   Cast: Sting             |    43 |    42 |    44 |    81 |    79 |    28 |    15 |     4 |       ||   336
         Mephitic Cloud    |     1 |     1 |    12 |    29 |     5 |     1 |       |       |       ||    49
         Mercury Vapours   |       |     4 |    37 |    77 |    48 |    19 |    11 |     2 |       ||   198
         Ozocubu's Armour  |       |       |     2 |    17 |    15 |     2 |    11 |    65 |    22 ||   134
         Freezing Cloud    |       |       |       |    19 |    79 |   125 |   132 |    88 |    49 ||   492
         Ozocubu's Refrige |       |       |       |       |     1 |    40 |    28 |     2 |     6 ||    77
         Yara's Violent Un |       |       |       |       |       |     4 |    33 |    57 |    19 ||   113
         Apportation       |       |       |       |       |       |     1 |     1 |     3 |     1 ||     6
         Arcjolt           |       |       |       |       |       |       |     9 |    10 |     1 ||    20
         Haunt             |       |       |       |       |       |       |       |    74 |   147 ||   221
         Orb of Destructio |       |       |       |       |       |       |       |       |    18 ||    18
 Invoke: Bribe Branch      |       |       |       |       |       |       |       |       |     1 ||     1
  Evoke: Wand              |       |       |       |     2 |     7 |     1 |       |     5 |     2 ||    17
    Use: Scroll            |       |       |     3 |    14 |    12 |     5 |     5 |     2 |    11 ||    52
         Potion            |       |       |     1 |     2 |     6 |     3 |     5 |     5 |    11 ||    33
   Stab: Confused          |     1 |     1 |     6 |    14 |     1 |     1 |       |       |       ||    24
         Sleeping          |       |     1 |     2 |     3 |     9 |    10 |     7 |     2 |       ||    34
         Distracted        |       |       |     1 |     1 |     9 |     5 |     9 |    14 |    20 ||    59
         Paralysed         |       |       |     1 |       |       |       |       |       |       ||     1
         Petrifying        |       |       |     2 |       |       |       |       |       |       ||     2
         Invisible         |       |       |       |       |       |     3 |       |       |       ||     3
 Armour: Robe              |    15 |    79 |   122 |   280 |     1 |       |       |       |       ||   497
         Quicksilver drago |       |       |       |       |   531 |   507 |   819 |  1492 |   933 ||  4282
  Dodge: Dodged            |    20 |    69 |   138 |   418 |   565 |   451 |   514 |   937 |   609 ||  3721

Table legend: (Time is in decaauts)
 A = Elapsed time spent in this place.
 B = Non-inter-level travel time spent in this place.
 C = Inter-level travel time spent in this place.
 D = Time resting spent in this place.
 E = Time spent auto-exploring this place.
 F = Levels seen in this place.
 G = Mean time per level.
                   A        B        C        D        E       F      G
               +--------+--------+--------+--------+--------+-----+--------+
         Total | 111543 | 101308 |  10235 |  42306 |  17921 |  59 | 1890.6 |
       Dungeon |  23681 |  20086 |   3595 |   6075 |   7488 |  15 | 1578.7 |
        Temple |     22 |      2 |     20 |      0 |      0 |   1 |   22.0 |
          Lair |  13097 |  10761 |   2336 |   4728 |   1752 |   5 | 2619.4 |
         Swamp |   6371 |   5980 |    391 |   2709 |    839 |   4 | 1592.8 |
     Snake Pit |   8629 |   8205 |    424 |   3535 |   1222 |   4 | 2157.2 |
    Slime Pits |    920 |    898 |     22 |    471 |      0 |   3 |  306.7 |
  Orcish Mines |   3591 |   3355 |    236 |    834 |    508 |   2 | 1795.5 |
   Elven Halls |   5921 |   5696 |    225 |   2050 |   1146 |   3 | 1973.7 |
        Vaults |  13344 |  12423 |    921 |   5356 |   1910 |   5 | 2668.8 |
         Crypt |   8337 |   8055 |    282 |   3909 |    658 |   3 | 2779.0 |
        Depths |  14240 |  13222 |   1018 |   6886 |   1196 |   4 | 3560.0 |
           Zot |   9435 |   8675 |    760 |   4013 |    967 |   4 | 2358.8 |
        Bazaar |     67 |     67 |      0 |     11 |      0 |   1 |   67.0 |
         Sewer |    198 |    198 |      0 |     43 |     53 |   1 |  198.0 |
       Ossuary |    472 |    472 |      0 |    253 |     28 |   1 |  472.0 |
        Bailey |    795 |    795 |      0 |    279 |     23 |   1 |  795.0 |
        Wizlab |   1558 |   1558 |      0 |    826 |     35 |   1 | 1558.0 |
      Gauntlet |    856 |    856 |      0 |    324 |     96 |   1 |  856.0 |
               +--------+--------+--------+--------+--------+-----+--------+

Top non-repeatable levels by time:
Depths:3: 5028 daAuts
   Zot:1: 4196 daAuts
Depths:2: 3530 daAuts
  Lair:5: 3417 daAuts
 Crypt:3: 3361 daAuts
Vaults:5: 3100 daAuts
   Zot:2: 3095 daAuts
   Orc:2: 3088 daAuts
Depths:4: 3045 daAuts
 Crypt:1: 3042 daAuts
 Snake:4: 2947 daAuts
  Lair:4: 2859 daAuts
Vaults:3: 2824 daAuts
  Lair:2: 2815 daAuts
Depths:1: 2636 daAuts
